 Dungeon Crawl Stone Soup version 0.25.0-11-g1f837a76a1 (webtiles) character file.

Game seed: 14472788164345956127

8234 Flugkiller the Nimble (level 11, -13/60 HPs)
             Began as a Deep Elf Chaos Knight on June 25, 2020.
             Was a Plaything of Xom.
             Mangled by a manticore (14 damage)
             ... on level 11 of the Dungeon.
             The game lasted 00:24:35 (13200 turns).

Flugkiller the Nimble (Deep Elf Chaos Knight)      Turns: 13200, Time: 00:24:36

Health: -13/60     AC: 13    Str:  9    XL:     11   Next: 7%
Magic:  20/20      EV: 20    Int: 18    God:    Xom [..*...]
Gold:   363        SH:  0    Dex: 21    Spells: 13/19 levels left

rFire    . . .     SeeInvis .   A - +11 quarterstaff "Guog" {drain, *Drain rElec MR+ Dex+4}
rCold    + . .     Gourm    .   (shield currently unavailable)
rNeg     . . .     Faith    .   b - +3 leather armour
rPois    .         Spirit   .   m - +2 helmet of Eternity {rCorr Stlth+}
rElec    +         Reflect  .   (no cloak)
rCorr    +         Harm     .   (no gloves)
MR       +++..     Clarity  +   (no boots)
Stlth    +++.......             (no amulet)
HPRegen  0.20/turn              f - +4 ring of protection
MPRegen  0.17/turn              p - +4 ring of slaying

@: cleaving
A: clarity, cold resistance 1, frail 1, magic resistance 1
a: Renounce Religion


You were on level 11 of the Dungeon.
You worshipped Xom.
You were a toy of Xom.
You were not hungry.

You visited 1 branch of the dungeon, and saw 11 of its levels.
You also visited: Ossuary.

You collected 2656 gold pieces.
You spent 2293 gold pieces at shops.

Inventory:

Hand Weapons
 e - a +4 short sword of flaming
   (You found it on level 4 of the Dungeon)
 A - the +11 quarterstaff "Guog" (weapon) {drain, *Drain rElec MR+ Dex+4}
   (You found it on level 7 of the Dungeon)

   A truly terrible weapon, it drains the life of those it strikes.
   It affects your dexterity (+4).
   It insulates you from electricity.
   It affects your resistance to hostile enchantments.
   It causes draining when unequipped.
 E - a +0 lajatang
   (You found it on level 7 of the Dungeon)
 H - the +6 war axe of Mana {vorpal, rPois rF- Str+3 Int+3, unknown}
   (You found it on level 9 of the Dungeon)

   It inflicts extra damage upon your enemies.
   It affects your strength (+3).
   It affects your intelligence (+3).
   It makes you vulnerable to fire.
   It protects you from poison.
Missiles
 t - 3 javelins (quivered)
Armour
 b - a +3 leather armour (worn)
 m - the +2 helmet of Eternity (worn) {rCorr Stlth+}
   (Xom gifted it to you on level 3 of the Dungeon)

   It provides partial protection from all sources of acid and corrosion.
   It makes you more stealthy.
Jewellery
 a - an uncursed ring of stealth {unknown}
   (You found it on level 10 of the Dungeon)
 f - a +4 ring of protection (left hand)
   (You found it on level 1 of the Dungeon)
 h - an uncursed ring of wizardry
   (You found it on level 9 of the Dungeon)
 i - an uncursed ring of fire
   (You found it on level 9 of the Dungeon)
 p - a +4 ring of slaying (right hand)
   (You found it on level 4 of the Dungeon)
 v - a +6 ring of dexterity
   (Xom gifted it to you on level 5 of the Dungeon)
 D - an uncursed ring of protection from magic
   (You took it off a crimson imp on level 8 of the Dungeon)
Wands
 r - a wand of polymorph (12)
   (You found it on level 4 of the Dungeon)
 y - a wand of flame (14)
   (You took it off Joseph on level 10 of the Dungeon)
 B - a wand of enslavement (3)
   (You found it on level 7 of the Dungeon)
 C - a wand of paralysis (4)
   (You bought it in a shop on level 7 of the Dungeon)
 F - a wand of iceblast (4)
   (You bought it in a shop on level 7 of the Dungeon)
Scrolls
 d - 5 scrolls of teleportation
 j - 4 scrolls of enchant weapon
 k - 2 scrolls of remove curse
 s - 5 scrolls of enchant armour
Potions
 g - 2 potions of cancellation
 l - 2 potions of flight
 n - 2 potions of magic
 o - 3 potions of brilliance
 q - 2 potions of resistance
 u - a potion of mutation {unknown}
 I - a potion of lignification
Miscellaneous
 G - a tin of tremorstones (3/3)
   (You bought it in a shop on level 4 of the Dungeon)
Comestibles
 c - 15 rations
 w - a chunk of flesh


   Skills:
 + Level 7.4 Fighting
 - Level 3.7(5.0) Short Blades
   Level 4.5(5.1) Long Blades
 + Level 6.7 Staves
 - Level 0.7 Armour
 + Level 10.1 Dodging
 - Level 4.7 Spellcasting
 + Level 2.2 Charms
 + Level 1.5 Translocations
 - Level 5.7 Ice Magic
 - Level 6.0 Evocations


You had 13 spell levels left.
You knew the following spells:

 Your Spells              Type           Power        Failure   Level  Hunger
a - Freeze                Ice            ###.         1%          1    None
b - Blink                 Tloc           N/A          16%         2    #......
c - Ozocubu's Armour      Chrm/Ice       ###.....     11%         3    ###....

Your spell library contained the following spells:

 Spells                   Type           Power        Failure   Level  Hunger
 Ensorcelled Hibernation  Hex/Ice        ##....       9%          2    #......
 Magic Dart               Conj           #...         19%         1    None
 Call Imp                 Summ           #.......     28%         2    #......
 Searing Ray              Conj           #.....       28%         2    #......
 Slow                     Hex            #.......     28%         2    #......
 Conjure Flame            Conj/Fire      #.......     50%         3    ###....
 Dazzling Flash           Conj/Hex       #.....       50%         3    ###....
 Mephitic Cloud           Conj/Pois/Air  #.......     50%         3    ###....
 Ice Form                 Ice/Tmut       ##......     50%         4    ####...
 Iskenderun's Mystic Bla  Conj/Tloc      #.......     80%         4    ####...
 Cause Fear               Hex            #.........   88%         4    ####...
 Fulminant Prism          Conj/Hex       #.........   88%         4    ####...
 Ozocubu's Refrigeration  Ice            ###.......   95%         6    #######
 Silence                  Hex/Air        #.........   99%         5    ######.
 Yara's Violent Unravell  Hex/Tmut       #.........   99%         5    ######.
 Discord                  Hex            #.........   100%        8    #######


Dungeon Overview and Level Annotations

Branches:
Dungeon (11/15)            Temple (0/1) D:4             Orc (0/2) D:9
Ossuary (visited)
   Lair: D:8-11

Altars:
Fedhas
Kikubaaqudgha
Ru
Xom
Zin

Shops:
D:4 *   D:6 *   D:7 *

Annotations:
D:6 1 runed translucent door
D:9 gas's ghost, journeyman CeHu
D:10 2 transporters, Buherpha's ghost, journeyman GrFi; Erolcha; Snorg
D:11 3 runed translucent doors, mopl's ghost, journeyman OpEn


Innate Abilities, Weirdness & Mutations

You possess an exceptional clarity of mind.
Your flesh is cold resistant. (rC+)
You are frail. (-10% HP)
You are resistant to hostile enchantments. (MR+)


Message History

Aiming: Enslavement
Press: ? - help, Shift-Dir - straight line, f - manticore
Aim: a manticore (chance to defeat MR: 47%)
The manticore resists with some effort.
The manticore bites you!
* * * LOW HITPOINT WARNING * * *
The manticore completely misses you. x2; The bullfrog misses you.
Your shadow imp hits the bullfrog.
The red ugly thing headbutts your shadow imp!
Your shadow imp is engulfed in flames!!
Your shadow imp dies!
Evoke which item? (* to show all) (? for menu, Esc to quit)
Aiming: Enslavement
Press: ? - help, Shift-Dir - straight line, f/p - manticore
Aim: a manticore (chance to defeat MR: 47%)
The manticore resists with some effort.
The bullfrog hits you but does no damage.
The manticore bites you.
* * * LOW HITPOINT WARNING * * *
The manticore barely misses you. The manticore completely misses you.
The bullfrog closely misses you.
You feel better. "Go forth and destroy!"
The +11 quarterstaff "Guog" {drain, *Drain rElec MR+ Dex+4} looks sharp.
You are now a toy of Xom.
The manticore barely misses you. x2; The manticore completely misses you.
The bullfrog hits you but does no damage.
Evoke which item? (* to show all) (? for menu, Esc to quit)
Aiming: Enslavement
Press: ? - help, Shift-Dir - straight line, f/p - manticore
Aim: a manticore (chance to defeat MR: 47%)
The manticore resists with some effort.
The bullfrog completely misses you. The manticore bites you!
* * * LOW HITPOINT WARNING * * *
The manticore claws you!
* * * LOW HITPOINT WARNING * * *
The manticore claws you but does no damage.
Enter note: ffs Unknown command.
Okay, then.
Evoke which item? (* to show all) (? for menu, Esc to quit)
Okay, then.
Okay, then.
Okay, then.
Evoke which item? (* to show all) (? for menu, Esc to quit)
Aiming: Enslavement
Press: ? - help, Shift-Dir - straight line, f/p - manticore
Aim: a manticore (chance to defeat MR: 47%)
The manticore resists with some effort.
The manticore bites you!
You die...
Xom laughs nastily!

.. ......
......
......
..... #+
.... #.##
..## #..##
##..##
#@H##
.z...#
##uF#
.....#
######r###
.....#
#.....Y..#
.b...#
#........#
.....#
#.!......#
.....#
#.r......#
.....#
#r#r.Y....#
.....#
...r.!....#


You could see a death yak, a red ugly thing, a manticore, a bullfrog and a
porcupine.

Vanquished Creatures
  2 skeletal warriors (D:11)
  An ugly thing (D:11)
  Joseph (D:10)
  A kobold demonologist (D:11)
  A rime drake (D:9)
  A troll (D:9)
  3 hippogriffs
  A wraith (D:11)
  7 orc warriors
  5 ice beasts
  A phantom (D:6)
  A sky beast (D:9)
  An eye of draining (D:11)
  5 ogres
  10 centaurs
  A crocodile (D:8)
  4 big kobolds (D:9)
  Blork the orc (D:6)
  A gnoll sergeant (D:9)
  5 bullfrogs
  3 scorpions
  A water moccasin skeleton (D:11)
  3 killer bees (D:9)
  2 jellies
  2 centaur zombies
  5 crimson imps
  A centaur skeleton (D:5)
  A quasit (D:10)
  5 hounds
  A wyvern simulacrum (D:9)
  A human zombie (D:4)
  2 bullfrog skeletons
  4 orc priests
  4 orc wizards
  2 iguanas
  6 worker ants
  2 hound zombies (D:6)
  4 gnolls
  15 adders
  2 shadow imps
  2 white imps (D:9)
  2 oozes
  A worm zombie (D:4)
  An adder zombie (D:5)
  An adder skeleton (D:5)
  5 worms
  2 dart slugs
  A leopard gecko (D:6)
  33 orcs
  7 bats
  8 giant cockroaches
  5 goblins
  8 hobgoblins
  6 jackals
  2 quokkas
  4 ball pythons
  A ball python skeleton (D:4)
  9 frilled lizards
  A hobgoblin zombie (Ossuary)
  8 kobolds
  A leopard gecko zombie (D:8)
  4 rats
231 creatures vanquished.

Vanquished Creatures (collateral kills)
  A phantom (D:5)
  A black bear (D:7)
  An ogre (D:7)
  A bullfrog (D:6)
  A scorpion (D:4)
  A jelly (D:4)
  An orc (D:4)
7 creatures vanquished.

Vanquished Creatures (others)
  An orc (D:6)
  A worker ant (D:4)
  A bush (D:5)
3 creatures vanquished.

Grand Total: 241 creatures vanquished

Notes
Turn   | Place    | Note
-------+----------+-------------------------------------------
     0 | D:1      | Flugkiller the Deep Elf Chaos Knight began the quest for
                  | the Orb.
     0 | D:1      | Reached XP level 1. HP: 13/13 MP: 3/3
   227 | D:1      | Reached XP level 2. HP: 16/18 MP: 4/4
   355 | D:1      | XOM: silly message
   490 | D:1      | XOM: divination: detect items
   492 | D:1      | Reached skill level 3 in Dodging
   706 | D:2      | XOM: noise
   793 | D:2      | Reached XP level 3. HP: 19/22 MP: 5/5
   866 | D:2      | XOM: 7-stop teleportation journey
  1586 | D:3      | XOM: give mutations
  1586 | D:3      | Gained mutation: Your flesh is cold resistant. (rC+) [Xom's
                  | mischief]
  1586 | D:3      | Gained mutation: You are resistant to hostile enchantments.
                  | (MR+) [Xom's mischief]
  1755 | D:3      | Reached XP level 4. HP: 28/28 MP: 6/6
  2131 | D:3      | XOM: noise
  2188 | D:3      | XOM: god gift: glimmering helmet {god gift}
  2189 | D:3      | Got a glimmering helmet {god gift}
  2195 | D:3      | Identified the +2 helmet of Eternity {rCorr Stlth+} (Xom
                  | gifted it to you on level 3 of the Dungeon)
  2285 | D:3      | Reached skill level 4 in Dodging
  2428 | D:3      | XOM: fog
  2449 | D:3      | XOM: scenery: 2 doors close
  2454 | D:3      | XOM: butterfly on damage
  2621 | D:3      | Reached XP level 5. HP: 25/32 MP: 7/7
  2864 | D:3      | XOM: give mutations
  2864 | D:3      | Gained mutation: You are frail. (-10% HP) [Xom's mischief]
  2864 | D:3      | Gained mutation: You possess an exceptional clarity of
                  | mind. [Xom's mischief]
  2908 | D:3      | XOM: torment (15/28 hp)
  3066 | D:4      | Noticed Duvessa
  3066 | D:4      | Noticed Dowan
  3139 | D:4      | XOM: scenery: 1 doors close
  3318 | D:4      | XOM: swap monsters
  3447 | D:4      | Found Kygearea's Elemental Accessories.
  3447 | D:4      | XOM: 2-stop teleportation journey
  3452 | D:4      | XOM: summons friendly white imp
  3538 | D:4      | Noticed Dowan
  3538 | D:4      | Dowan changed into Dowan the howler monkey
  3538 | D:4      | XOM: polymorph Dowan -> Dowan the howler monkey
  3543 | D:4      | Noticed Dowan
  3543 | D:4      | Dowan the howler monkey changed into Dowan the jelly
  3543 | D:4      | XOM: polymorph Dowan the howler monkey -> Dowan the jelly
  3544 | D:4      | XOM: summons friendly ufetubus
  3550 | D:4      | XOM: cast spell 'Summon Ice Beast'
  3554 | D:4      | Killed Dowan the jelly
  3558 | D:4      | Reached XP level 6. HP: 23/34 MP: 8/8
  3749 | D:4      | Found a sand-covered staircase.
  3782 | D:4      | Reached skill level 5 in Dodging
  3788 | Ossuary  | Entered an ossuary
  4011 | D:4      | Noticed Duvessa
  4011 | D:4      | Duvessa changed into Duvessa the worker ant
  4011 | D:4      | XOM: enchant monster (good)
  4016 | D:4      | Banished Duvessa the worker ant
  4085 | D:4      | Found a staircase to the Ecumenical Temple.
  4215 | D:4      | XOM: potion effect (invisibility)
  4359 | D:5      | Entered Level 5 of the Dungeon
  4504 | D:5      | XOM: god gift: glowing marble ring {god gift}
  4540 | D:5      | XOM: summons 6 friendly demons
  4703 | D:5      | XOM: butterfly on damage
  4857 | D:5      | XOM: scenery: create altars
  4905 | D:5      | Reached XP level 7. HP: 37/39 MP: 9/9
  5155 | D:5      | XOM: polymorph orc wizard -> gnoll
  5161 | D:5      | Reached skill level 6 in Dodging
  5223 | D:5      | Found a blossoming altar of Fedhas.
  5277 | D:5      | Found a sacrificial altar of Ru.
  5286 | D:5      | XOM: smoke on damage
  5291 | D:5      | Reached skill level 1 in Short Blades
  5518 | D:5      | XOM: 7-stop teleportation journey
  5608 | D:5      | Reached skill level 5 in Fighting
  5787 | D:5      | XOM: summons 2 hostile demons
  5788 | D:5      | Noticed a rust devil
  5827 | D:5      | XOM: silly message
  6200 | D:6      | Noticed Blork the orc
  6215 | D:6      | Killed Blork the orc
  6215 | D:6      | Reached skill level 7 in Dodging
  6215 | D:6      | Reached XP level 8. HP: 34/44 MP: 10/10
  6269 | D:6      | XOM: silly message
  6537 | D:6      | Found an ancient bone altar of Kikubaaqudgha.
  6574 | D:6      | Found Leil's Assorted Antiques.
  6587 | D:6      | XOM: enchant monster (good)
  6589 | D:6      | XOM: confuse monster(s)
  6681 | D:6      | XOM: silly message
  6698 | D:6      | Found a glowing silver altar of Zin.
  6699 | D:6      | Found a runed translucent door.
  6699 | D:6      | Noticed an angel
  6779 | D:6      | XOM: god gift: ration
  6991 | D:7      | Reached skill level 8 in Dodging
  7014 | D:7      | Got a brightly glowing quarterstaff
  7023 | D:7      | Identified the +11 quarterstaff "Guog" {drain, *Drain rElec
                  | MR+ Dex+4} (You found it on level 7 of the Dungeon)
  7177 | D:7      | XOM: divination: detect items
  7182 | D:7      | XOM: noise
  7184 | D:7      | XOM: enchant monster (good)
  7185 | D:7      | XOM: enchant monster (good)
  7335 | D:7      | XOM: 1-stop teleportation journey
  7353 | D:7      | XOM: cast spell 'Summon Ice Beast'
  7367 | D:7      | Reached skill level 9 in Dodging
  7367 | D:7      | Reached XP level 9. HP: 45/50 MP: 11/11
  7861 | D:7      | Found Pyryhool's Assorted Antiques.
  7864 | D:7      | Bought a masterwork lajatang for 480 gold pieces
  7864 | D:7      | Identified a scroll of acquirement
  7864 | D:7      | XOM: silly message
  7866 | D:7      | Bought a leatherbound book for 360 gold pieces
  7866 | D:7      | Bought a gold wand for 96 gold pieces
  7866 | D:7      | Bought a jewelled ivory wand for 96 gold pieces
  7952 | D:4      | Bought the Papyrus of the Glacier for 741 gold pieces
  7952 | D:4      | Bought a tin of tremorstones (3/3) for 520 gold pieces
  7959 | D:4      | Learned a level 1 spell: Freeze
  8155 | D:7      | XOM: silly message
  8280 | D:8      | Reached skill level 1 in Ice Magic
  8283 | D:8      | Reached skill level 1 in Spellcasting
  8540 | D:8      | XOM: summons 2 hostile demons
  8700 | D:8      | XOM is BORED!
  8854 | D:9      | Got a fine war axe
  8971 | D:9      | XOM: summons 5 friendly demons
  8976 | D:9      | Reached skill level 5 in Ice Magic
  9329 | D:9      | wow
  9384 | D:9      | Reached skill level 1 in Evocations
  9529 | D:9      | Noticed a rime drake
  9530 | D:9      | Noticed gas's ghost (journeyman CeHu)
  9564 | D:9      | Found a runed translucent gate.
  9564 | D:9      | Found a runed translucent gate.
  9564 | D:9      | Found a runed translucent gate.
  9637 | D:9      | Identified the +2 lajatang of Waehaire {freeze, rPois rC+
                  | Str+4 Int-3} (You bought it in a shop on level 7 of the
                  | Dungeon)
  9690 | D:9      | XOM: summons 4 hostile demons
  9736 | D:9      | Found a staircase to the Orcish Mines.
  9736 | D:9      | Noticed a troll
  9738 | D:9      | XOM: enchant monster (bad)
  9744 | D:9      | XOM: swap monsters
  9771 | D:9      | XOM: swap monsters
  9859 | D:9      | Reached XP level 10. HP: 33/54 MP: 19/19
 10018 | D:9      | XOM: enchant monster (bad)
 10168 | D:9      | Reached skill level 5 in Evocations
 10305 | D:9      | XOM: confuse monster(s)
 10348 | D:9      | XOM: summons friendly crimson imp
 10542 | D:9      | Reached skill level 1 in Staves
 10552 | D:9      | XOM: cast spell 'Statue Form'
 10617 | D:9      | XOM: divination: detect items
 10623 | D:10     | Entered Level 10 of the Dungeon
 10736 | D:10     | XOM: polymorph crimson imp -> quasit
 10810 | D:10     | Noticed Snorg
 10884 | D:10     | Found a transporter.
 10952 | D:10     | XOM: draining
 10963 | D:10     | XOM: enchant monster (bad)
 11213 | D:10     | Found a transporter.
 11213 | D:10     | Noticed Buherpha's ghost (journeyman GrFi)
 11218 | D:10     | Noticed a death knight
 11220 | D:10     | Noticed a death knight
 11427 | D:10     | Noticed Joseph
 11740 | D:10     | Killed Joseph
 11833 | D:10     | Noticed Erolcha
 12174 | D:10     | XOM: summons 1 hostile shadow creature
 12237 | D:11     | Reached skill level 5 in Staves
 12289 | D:11     | XOM: swap monsters
 12296 | D:11     | XOM: swap monsters
 12297 | D:11     | XOM: chaos upgrade
 12331 | D:11     | XOM: enchant monster (good)
 12676 | D:11     | Noticed mopl's ghost (journeyman OpEn)
 12677 | D:11     | Found a runed translucent gate.
 12677 | D:11     | Found a runed translucent gate.
 12677 | D:11     | Found a runed translucent gate.
 12691 | D:11     | XOM: swap monsters
 12716 | D:11     | Learned a level 2 spell: Blink
 12720 | D:11     | Learned a level 3 spell: Ozocubu's Armour
 12781 | D:11     | XOM: cloud trail
 12808 | D:11     | Noticed a skeletal warrior
 12809 | D:11     | Noticed a skeletal warrior
 12809 | D:11     | Noticed a skeletal warrior
 12828 | D:11     | Killed a skeletal warrior
 12828 | D:11     | Reached skill level 10 in Dodging
 12828 | D:11     | Reached skill level 1 in Charms
 12828 | D:11     | Reached skill level 1 in Translocations
 12837 | D:11     | XOM: butterfly on damage
 12838 | D:11     | XOM: summons friendly shadow imp
 12851 | D:11     | XOM: confuse monster(s)
 12864 | D:11     | XOM: silly message
 12866 | D:11     | Killed a skeletal warrior
 12866 | D:11     | Reached XP level 11. HP: 20/60 MP: 20/20
 13107 | D:11     | Noticed a purple ugly thing
 13115 | D:11     | XOM: divine lightning
 13116 | D:11     | Killed a purple ugly thing
 13166 | D:11     | XOM is BORED!
 13166 | D:11     | XOM: summons 1 hostile demon
 13190 | D:11     | XOM: 1-stop teleportation journey
 13191 | D:11     | Noticed a death yak
 13191 | D:11     | Noticed a red ugly thing
 13191 | D:11     | XOM: summons friendly shadow imp
 13198 | D:11     | XOM: cleaving
 13199 | D:11     | HP: 1/60 [manticore (12)]
 13200 | D:11     | ffs
 13200 | D:11     | Mangled by a manticore

Illustrated notes ..# #..#### #####+## ### #.## ####'##### #........# #........# +........# . #........# ... #........#####..... #........'.@....?.. #........#####....? #........# ### ########## Turn 9329 on D:9: wow

.. ......
......
......
..... #+
.... #.##
..## #..##
##..##
#@H##
.z...#
##uF#
.....#
######r###
.....#
#.....Y..#
.b...#
#........#
.....#
#.!......#
.....#
#.r......#
.....#
#r#r.Y....#
.....#
...r.!....#


Turn 13200 on D:11: ffs

Levels and vault maps discovered:
D:1:      dpeg_arrival_simpleton_b, layout_loops_cross
D:2:      layout_basic, first_ration
D:3:      layout_basic
D:4:      layout_basic, minmay_temple_entry_junction_2, enter_ossuary_3,
          nicolae_elemental_shop, uniq_duvessa
D:5:      layout_basic, basic_altar, kb_lookout_dungeons_type, lemuel_tele_altar
D:6:      layout_basic, kiku_gazebo_garden_becter, serial_shops, shop,
          portal_sewer_entry_e, lemuel_angel_altar, uniq_blork_the_orc
D:7:      layout_basic, enter_bailey_7, serial_shops, kennysheep_mini
D:8:      layout_cave_pools
D:9:      layout_roguey, kennysheep_orc_monster_closet_entryway,
          gammafunk_ghost_icy
D:10:     layout_layer_cave, gammafunk_ghost_mausoleum, uniq_snorg,
          uniq_erolcha, uniq_joseph
D:11:     layout_roguey, dpeg_lair_monsters, gammafunk_ghost_split

Skill      XL: |  1  2  3  4  5  6  7  8  9 10 |
---------------+-------------------------------+-----
Long Blades    | 3 4 |  4.5
Dodging        | 3 4 5 7 9 10 | 10.1
Fighting       | 3 4 5 6 7 |  7.4
Short Blades   | 2 3 |  3.7
Ice Magic      | 5 |  5.7
Spellcasting   | 4 |  4.7
Evocations     | 3 6 |  6.0
Staves         | 6 |  6.7
Charms         | 2 |  2.2
Translocations | 1 |  1.5
Armour         | |  0.7

Action                   |  1- 3 |  4- 6 |  7- 9 | 10-12 || total
-------------------------+-------+-------+-------+-------++-------
Melee: Falchion          |   105 |   102 |       |       ||   207
       Dagger            |       |    13 |       |       ||    13
       Short sword       |       |    48 |   163 |       ||   211
       Quarterstaff      |       |       |   177 |   149 ||   326
Throw: Javelin           |     2 |    16 |       |     2 ||    20
 Cast: Freeze            |       |       |     7 |       ||     7
       Ozocubu's Armour  |       |       |       |     2 ||     2
Evoke: Wand              |       |     2 |     2 |    16 ||    20
  Use: Potion            |     2 |     2 |     2 |     2 ||     8
       Scroll            |    11 |     1 |     8 |     4 ||    24
 Stab: Paralysed         |     1 |     8 |       |     5 ||    14
       Sleeping          |     2 |     4 |     9 |     3 ||    18
       Petrified         |       |     1 |       |     2 ||     3
       Invisible         |       |     2 |       |       ||     2
       Petrifying        |       |     2 |       |       ||     2
       Distracted        |       |     1 |     1 |       ||     2
  Eat: Chunk             |     3 |     5 |    14 |    11 ||    33
       Ration            |       |     1 |     1 |       ||     2
Armor: Leather armour    |    35 |    73 |   113 |    46 ||   267
       Skin              |       |       |       |     2 ||     2
Dodge: Dodged            |    63 |    98 |   320 |   163 ||   644
       Rpst.: Falchion   |    18 |    17 |       |       ||    35
